 Dungeon Crawl Stone Soup version 0.25-a0-424-g80bd347ae0 (webtiles) character file.

Game seed: 9750697378836048391, levelgen mode: deterministic

7 Kohma the Stinger (level 2, -2/24 HPs)
             Began as a Naga Venom Mage on Jan 23, 2020.
             Slain by an ooze (4 damage)
             ... on level 1 of the Dungeon.
             The game lasted 00:00:49 (126 turns).

Kohma the Stinger (Naga Venom Mage)                  Turns: 126, Time: 00:00:49

Health: -2/24      AC:  1    Str: 10    XL:     2   Next: 0%
Magic:  0/5        EV: 10    Int: 15    God:
Gold:   22         SH:  0    Dex: 11    Spells: 4/5 levels left

rFire    . . .     SeeInvis +   b - +0 dagger
rCold    . . .     Gourm    .   (no shield)
rNeg     . . .     Faith    .   a - +0 robe
rPois    +         Spirit   .   (no helmet)
rElec    .         Reflect  .   (no cloak)
rCorr    .         Harm     .   (no gloves)
MR       .....                  (no barding)
Stlth    ++........             (no amulet)
HPRegen  0.08/turn              (no ring)
MPRegen  0.09/turn              (no ring)

@: very slow
A: large, see invisible, deformed body, poison resistance, slowness 2, slow
metabolism 1, spit poison 1, AC +0
a: Spit Poison


You were on level 1 of the Dungeon.
You were not hungry.

You visited 1 branch of the dungeon, and saw 1 of its levels.

You collected 22 gold pieces.

Inventory:

Hand Weapons
 b - a +0 dagger (weapon)
Missiles
 d - 35 stones (quivered)
Armour
 a - a +0 robe (worn)
Comestibles
 c - 2 rations
 f - a chunk of flesh


   Skills:
 + Level 0.4 Fighting
 - Level 1.5 Dodging
 - Level 3.0 Stealth
 * Level 2.2 Spellcasting
 - Level 1.0 Transmutations
 * Level 4.2 Poison Magic


You had 4 spell levels left.
You knew the following spells:

 Your Spells              Type           Power        Failure   Level  Hunger
a - Sting                 Tmut/Pois      #...         8%          1    #......

Your spell library contained the following spells:

 Spells                   Type           Power        Failure   Level  Hunger
 Poisonous Vapours        Pois/Air       #.....       14%         2    ###....
 Ignite Poison            Fire/Tmut/Pois #.......     32%         3    ###....
 Mephitic Cloud           Conj/Pois/Air  #.......     36%         3    ###....
 Olgreb's Toxic Radiance  Pois           ##......     36%         4    #####..


Dungeon Overview and Level Annotations

Branches:
Dungeon (1/15)

Altars:


Innate Abilities, Weirdness & Mutations

You cannot wear boots.
Your serpentine skin is tough. (AC +0)
You have supernaturally acute eyesight. (SInv)
Armour fits poorly on your strangely shaped body.
Your system is resistant to poisons. (rPois)
You cover ground very slowly.
You have a slow metabolism.
You can spit poison.


Message History

The rat bites you but does no damage.
You hit the rat.
You kill the rat!
The goblin closely misses you.
You hit the goblin.
You kill the goblin!
You have reached level 2!
A hobgoblin comes into view.
The ooze completely misses you.
You completely miss the ooze. The ooze hits you but does no damage.
The hobgoblin shouts!
You hit the ooze but do no damage. The ooze hits you.
* * * LOW HITPOINT WARNING * * *
You hit the ooze but do no damage. The ooze barely misses you.
You aren't carrying any potions.
You aren't carrying any scrolls.
You hit the ooze.
The ooze is lightly wounded.
The ooze hits you.
You die...

. # ..#. .. #.... ...
.....########.##..
................>####
.....††.............#
...g..J@.....##.# #.###
..#..[..........###...##
#.....................
#.....................
#####.###....##'##....
#.# #...##...##... #.#
#...#..<..#... ..#
#...##...##... ..
##....##+##....


You could see an ooze and a hobgoblin.

Vanquished Creatures
  A dart slug (D:1)
  A bat (D:1)
  A goblin (D:1)
  2 rats (D:1)
5 creatures vanquished.

Notes
Turn   | Place    | Note
-------+----------+-------------------------------------------
     0 | D:1      | Kohma the Naga Venom Mage began the quest for the Orb.
     0 | D:1      | Reached XP level 1. HP: 15/15 MP: 3/3
   122 | D:1      | Reached XP level 2. HP: 2/24 MP: 0/5
   124 | D:1      | HP: 1/24 [ooze (1)]
   126 | D:1      | Slain by an ooze

Levels and vault maps discovered:
D:1:      dpeg_arrival_shelter, layout_rooms, serial_corexii_hall,
          corexii_hall_statues_t, corexii_hall_statues_s,
          corexii_hall_statues_l, minmay_misc_feat_encased,
          kennysheep_another_room, serial_bayou_pond_d, minmay_hexomino_f4

Action                   || total
-------------------------++-------
Melee: Dagger            ||    15
 Cast: Sting             ||     6
Armor: Robe              ||     3
Dodge: Dodged            ||    11

Table legend:
 A = Non-vault XP
 B = Vault XP
 C = Vault XP percentage of total XP
 D = Non-vault monster count
 E = Vault monster count
 F = Vault count percentage of total count
                 A         B        C        D         E       F
            +---------+---------+-------+---------+---------+-------
      Total |      10 |       0 |   0.0 |       5 |       0 |   0.0
            +---------+---------+-------+---------+---------+-------
        D:1 |      10 |       0 |   0.0 |       5 |       0 |   0.0
            +---------+---------+-------+---------+---------+-------
